 Dungeon Crawl Stone Soup version 0.30-a0-632-g346586fe48 (webtiles) character file.

Game seed: 13874283545655955372

14258 Strat the Basher (level 12, -1/113 HPs)
             Began as a Meteoran Cinder Acolyte on Jan 13, 2023.
             Was a High Priest of Ignis.
             Slain by a merfolk
             ... wielding a +0 trident
              (13 damage)
             ... on level 2 of the Lair of Beasts.
             The game lasted 00:34:37 (5728 turns).

Strat the Basher (Meteoran Cinder Acolyte)          Turns: 5728, Time: 00:34:38

Health: -1/113     AC:  8    Str: 21    XL:     12   Next: 76%
Magic:  12/15      EV: 11    Int: 16    God:    Ignis [*****.]
Gold:   543        SH:  0    Dex: 10    Spells: 2/13 levels left

rFire   + . .      SeeInvis .    b - +0 flail (heavy)
rCold   . . .      Faith    .    (no shield)
rNeg    . . .      Spirit   .    p - +1 leather armour of the Robin {Slay+5 Stlth+}
rPois   +          Reflect  .    l - +1 helmet
rElec   .          Harm     .    s - +0 cloak
rCorr   .          Rampage  .    (no gloves)
Will    +....                    (no boots)
Stlth   +                        t - amulet of regeneration
HPRegen 1.18/turn                v - ring of poison resistance
MPRegen 0.14/turn                (no ring)

@: wereblooded, mesmerised, glowing
A: sense surroundings 2, otherworldly, glowing, explore regen
a: Renounce Religion, Fiery Armour, Foxfire Swarm, Rising Flame


You were on level 2 of the Lair of Beasts.
You worshipped Ignis.
Ignis was extremely pleased with you.
You visited 2 branches of the dungeon, and saw 11 of its levels.
You also visited: Ossuary and Bailey.

You collected 599 gold pieces.
You spent 56 gold pieces at shops.

Inventory:

Hand Weapons
 a - a +0 mace of flaming
 b - a +0 heavy flail (weapon)
 I - a +2 whip of electrocution
Missiles
 d - 3 javelins
 i - 7 poisoned darts (quivered)
 y - a throwing net
Armour
 l - a +1 helmet (worn)
 n - a +0 robe
 o - a +0 leather armour
 p - the +1 leather armour of the Robin (worn) {Slay+5 Stlth+}
   (You took it off a gnoll on level 3 of the Dungeon)

   Slay:      It affects your accuracy & damage with ranged weapons and melee
   (+5).
   Stlth:     It makes you more stealthy.
 s - a +0 cloak (worn)
Jewellery
 t - an amulet of regeneration (around neck)
 v - a ring of poison resistance (left hand)
 E - an amulet of magic regeneration
Wands
 r - a wand of flame (46)
 x - a wand of mindburst (19)
 C - a wand of quicksilver (11)
 G - a wand of iceblast (7)
 K - a wand of charming (8)
Scrolls
 f - 2 scrolls of magic mapping
 B - 6 scrolls of enchant weapon
 D - 4 scrolls of enchant armour
 H - a scroll of teleportation
Potions
 c - a potion of degeneration
 e - 4 potions of might
 g - a potion of magic {unknown}
 h - 3 potions of curing
 j - 4 potions of lignification
 k - 4 potions of brilliance
 m - 2 potions of attraction {unknown}
 q - 2 potions of invisibility {unknown}
 u - 5 potions of haste
 w - 2 potions of resistance {unknown}
 z - 6 potions of mutation
 A - 2 potions of heal wounds {unknown}
 F - 3 potions of ambrosia {unknown}


   Skills:
 + Level 12.7 Fighting
 - Level 14.0 Maces & Flails
 - Level 8.4 Armour
 - Level 1.3 Spellcasting
 - Level 2.0 Summonings
 - Level 6.0 Necromancy
 - Level 4.0 Transmutations
 - Level 3.6 Fire Magic
 - Level 6.0 Earth Magic
 - Level 5.0 Evocations


You had 2 spell levels left.
You knew the following spells:

 Your Spells              Type           Power      Damage    Failure   Level
a - Scorch                Fire           24%        2d6       9%          2
b - Call Imp              Summ           7%         N/A       16%         2
c - Wereblood             Tmut           13%        N/A       7%          2
d - Borgnjor's Vile Clut  Necr/Erth      10%        N/A       50%         5

Your spell library contained the following spells:

 Spells                   Type           Power      Damage    Failure   Level
 Necrotise                Necr           80%        1d8       1%          1
 Sandblast                Erth           40%        2d10      1%          1
 Sublimation of Blood     Necr           20%        N/A       3%          2
 Sting                    Tmut/Pois      28%        1d4       11%         1
 Freeze                   Ice            4%         1d3       24%         1
 Magic Dart               Conj           4%         1d3       24%         1
 Poisonous Vapours        Pois/Air       2%         N/A       36%         2
 Vampiric Draining        Necr           20%        2d7       6%          3
 Stone Arrow              Conj/Erth      20%        3d8       22%         3
 Petrify                  Tmut/Erth      17%        N/A       30%         4
 Animate Armour           Summ/Erth      26%        N/A       43%         4
 Agony                    Necr           20%        N/A       50%         5
 Lee's Rapid Deconstruct  Erth           10%        3d8*      50%         5
 Leda's Liquefaction      Hex/Erth       5%         N/A       56%         4
 Frozen Ramparts          Ice            2%         1d1       58%         3
 Hailstorm                Conj/Ice       1%         3d3       58%         3
 Mephitic Cloud           Conj/Pois/Air  1%         N/A       58%         3
 Olgreb's Toxic Radiance  Pois           1%         N/A       94%         4
 Alistair's Intoxication  Tmut/Pois      4%         N/A       96%         5
 Statue Form              Tmut/Erth      11%        N/A       99%         6
 Eringya's Noxious Bog    Tmut/Pois      3%         N/A       100%        6
 Summon Hydra             Summ           3%         N/A       100%        7
 Lehudib's Crystal Spear  Conj/Erth      5%         10d3      100%        8


Dungeon Overview and Level Annotations

Branches:
Dungeon (9/15) Zot: 538    Temple (0/1) D:5            Lair (2/5) D:9 Zot: 641
 Shoals (0/4) Lair:2          Orc (0/2) D:9         Ossuary (visited)
 Bailey (visited)
  Snake: Lair:2-3    Spider: Lair:2-3

Altars:
Ashenzari
Dithmenos
Okawaru
Ru

Shops:
D:6 *   D:7 (

Annotations:
D:6 1 transporter


Innate Abilities, Weirdness & Mutations

You passively map the area around you.
You are easily found by Zot.
You glow in the dark.
You regain HP and MP as you explore.


Message History

You bludgeon the merfolk siren!!
You feel a bit better.
You kill the merfolk siren!
You hear a splash.
The merfolk siren chants its luring song.
The merfolk barely misses you.
Your white imp gestures at the merfolk siren.
The puff of frost hits the merfolk siren!
The merfolk siren chants its luring song.
The merfolk closely misses you.
You miss the merfolk siren.
The merfolk siren is lightly wounded.
The merfolk siren chants its luring song.
The merfolk hits you with a +0 trident!
* * * LOW HITPOINT WARNING * * *
Your white imp hits the merfolk siren.
Your white imp freezes the merfolk siren.
You sock the merfolk siren!
The merfolk siren is heavily wounded.
The merfolk siren chants its luring song.
The merfolk hits you with a +0 trident!!
* * * LOW HITPOINT WARNING * * *
Your white imp closely misses the merfolk siren.
You hit the merfolk siren but do no damage.
The merfolk siren is heavily wounded.
The merfolk siren chants its luring song.
The merfolk hits you but does no damage.
Your white imp hits the merfolk siren.
Your white imp freezes the merfolk siren.
You hit the merfolk siren but do no damage.
The merfolk siren is severely wounded.
The merfolk siren chants its luring song.
The merfolk hits you with a +0 trident.
* * * LOW HITPOINT WARNING * * *
Your white imp hits the merfolk siren but does no damage.
You feel better.
The merfolk siren hits your white imp with a +0 spear!
Your white imp dies!
Your white imp disappears in a puff of smoke!
The merfolk hits you with a +0 trident!
You die...

,* , * .~ ~ *
,,#.#~ * , #.>~ *
,, , ~ ~ *~ .#~##
,, * ~ ... #.~~#
.,, ... #..~##
.., * , ,,....
#.mm# .# , *, ~ ,
.....#.@ยง##.# ,
, .....###)..# ,
* < .P.........##
~ * ,
.##.........##,
,,
.............##.
, ,
,............##.#
* , ,
,............#.#
, * ,
.............#
**,* , ,
,.............##.


You could see a merfolk and a merfolk siren (mesmerising, unaware).

Vanquished Creatures
  A boulder beetle (D:7)
  An orc knight (Bailey)
  3 elephants (Lair:1)
  A cyclops (D:8)
  A black mamba (Lair:1)
  2 merfolk sirens (Lair:2)
  Maurice (D:9)
  4 cane toads (Lair:1)
  A rime drake (Lair:1)
  2 komodo dragons
  Sigmund (D:3)
  2 wyverns
  14 yaks
  A wraith (D:9)
  A basilisk (Lair:1)
  5 steam dragons (D:8)
  Menkaure (D:6)
  An acid dragon (D:8)
  6 water moccasins
  9 orc warriors
  An ice beast (D:8)
  2 black bears
  An ogre (D:7)
  A centaur (D:9)
  2 phantoms
  A kobold brigand (D:7)
  10 bullfrogs
  A necrophage (D:7)
  2 gnoll sergeants
  2 scorpions
  A water moccasin zombie (Ossuary)
  A wight (D:8)
  5 killer bees (D:9)
  A howler monkey (D:7)
  3 jellies
  4 gnoll boudas
  A hound (D:5)
  4 orc wizards
  An iguana (D:6)
  2 mummies (Ossuary)
  25 gnolls
  4 adders
  3 white imps (D:7)
  7 adder zombies (Ossuary)
  5 worms
  4 dart slugs
  52 orcs
  9 endoplasms
  3 giant cockroaches (D:1)
  2 gnoll zombies (Ossuary)
  7 goblins
  6 hobgoblins
  4 jackals
  3 quokkas
  6 ball pythons
  7 bats
  3 frilled lizards
  5 hobgoblin zombies (Ossuary)
  12 kobolds
  3 kobold zombies (Ossuary)
  4 orc zombies (Ossuary)
  2 rats
280 creatures vanquished.

Vanquished Creatures (collateral kills)
  2 yaks (D:9)
  A water moccasin (D:9)
  2 orc warriors
  2 black bears (D:9)
  A bullfrog (D:9)
  An orc priest (D:9)
  An iguana (D:5)
  An orc wizard (D:9)
  4 gnolls
  8 orcs
  2 endoplasms (D:4)
25 creatures vanquished.

Vanquished Creatures (others)
  A shadow imp (D:8)
  An orc (D:8)
  30 fungi
  44 plants
76 creatures vanquished.

Grand Total: 381 creatures vanquished

Notes
Turn   | Place    | Note
-------+----------+-------------------------------------------
     0 | D:1      | Strat the Meteoran Cinder Acolyte began the quest for the
                  | Orb.
     0 | D:1      | Reached XP level 1. HP: 19/19 MP: 3/3
    71 | D:1      | Reached XP level 2. HP: 5/26 MP: 5/5
   261 | D:1      | Found a faded altar of an unknown god.
   269 | D:1      | Got Plato's Tractate on the Quake
   312 | D:1      | Reached XP level 3. HP: 31/31 MP: 6/6
   344 | D:1      | Reached skill level 5 in Maces & Flails
   487 | D:1      | Glimpsed the power of Zot.
   557 | D:2      | Learned a level 2 spell: Scorch
   560 | D:2      | Learned a level 2 spell: Call Imp
   667 | D:2      | Reached XP level 4. HP: 30/40 MP: 7/7
   898 | D:2      | Reached skill level 6 in Maces & Flails
   898 | D:2      | Reached XP level 5. HP: 32/46 MP: 8/8
  1098 | D:3      | You fall into a shaft and drop 2 floors!
  1098 | D:5      | Entered Level 5 of the Dungeon
  1113 | D:5      | Found a broken altar of Ashenzari.
  1136 | D:5      | Reached skill level 1 in Summonings
  1143 | D:5      | Reached skill level 7 in Maces & Flails
  1143 | D:5      | Reached XP level 6. HP: 27/52 MP: 0/9
  1184 | D:4      | Noticed a black bear
  1227 | D:4      | Killed a black bear
  1228 | D:4      | Reached skill level 8 in Maces & Flails
  1334 | D:4      | Reached XP level 7. HP: 39/59 MP: 8/10
  1493 | D:3      | Identified the +1 leather armour of the Robin {Slay+5
                  | Stlth+}
  1635 | D:3      | Noticed Sigmund
  1647 | D:3      | Killed Sigmund
  1648 | D:3      | Reached skill level 5 in Fighting
  1648 | D:3      | Reached skill level 9 in Maces & Flails
  1833 | D:3      | Found a faded altar of an unknown god.
  1845 | D:3      | Found a shadowy altar of Dithmenos.
  1940 | D:4      | Reached XP level 8. HP: 49/70 MP: 6/11
  2048 | D:4      | Found a sacrificial altar of Ru.
  2209 | D:5      | Reached skill level 1 in Armour
  2536 | D:5      | Reached skill level 10 in Maces & Flails
  2565 | D:5      | Found a staircase to the Ecumenical Temple.
  2672 | D:6      | Found a transporter.
  2675 | D:6      | Noticed a troll
  2676 | D:6      | Noticed a cyclops
  2677 | D:6      | Noticed a vampire mosquito
  2683 | D:6      | Noticed a yak
  2688 | D:6      | Found an iron altar of Okawaru.
  2765 | D:6      | Noticed Menkaure
  2793 | D:6      | Killed Menkaure
  2830 | D:6      | Gained mutation: You passively map the area around you.
                  | [Meteoran growth]
  2830 | D:6      | Reached XP level 9. HP: 66/75 MP: 12/12
  2893 | D:6      | Found Houmiapoo's General Store.
  2909 | D:6      | Bought a potion of brilliance for 56 gold pieces
  2932 | D:6      | Reached skill level 11 in Maces & Flails
  3035 | D:7      | Noticed a boulder beetle
  3050 | D:7      | Killed a boulder beetle
  3051 | D:7      | Reached skill level 12 in Maces & Flails
  3070 | D:7      | Found a sand-covered staircase.
  3075 | Ossuary  | Entered an ossuary
  3258 | D:7      | Found Hyem's Weapon Shoppe.
  3321 | D:7      | Reached XP level 10. HP: 78/91 MP: 13/13
  3541 | D:7      | Reached skill level 10 in Fighting
  3722 | D:8      | Noticed a cyclops
  3848 | D:8      | Reached skill level 13 in Maces & Flails
  3850 | D:8      | Noticed an ogre mage
  3853 | D:8      | Noticed an efreet
  3861 | D:8      | Noticed a purple ugly thing
  3934 | D:8      | Reached skill level 14 in Maces & Flails
  3991 | D:8      | Found a flagged portal.
  4007 | Bailey   | Entered a bailey
  4024 | Bailey   | Reached skill level 5 in Armour
  4060 | Bailey   | Learned a level 2 spell: Wereblood
  4093 | Bailey   | Reached skill level 1 in Transmutations
  4147 | Bailey   | Noticed an orc knight
  4159 | Bailey   | Killed an orc knight
  4161 | Bailey   | Reached XP level 11. HP: 89/99 MP: 14/14
  4215 | Bailey   | Reached skill level 1 in Evocations
  4308 | D:8      | Got the Compendium of Vicissitude and the Mantle
  4507 | D:8      | Noticed a two-headed ogre
  4508 | D:8      | Killed a cyclops
  4603 | D:9      | Found a staircase to the Lair.
  4608 | D:9      | Reached skill level 5 in Evocations
  4669 | D:9      | Noticed Maurice
  4692 | D:9      | Killed Maurice
  4790 | D:9      | Found a staircase to the Orcish Mines.
  5165 | D:9      | Learned a level 5 spell: Borgnjor's Vile Clutch
  5172 | Lair:1   | Entered Level 1 of the Lair of Beasts
  5179 | Lair:1   | Reached skill level 1 in Necromancy
  5179 | Lair:1   | Reached skill level 1 in Earth Magic
  5179 | Lair:1   | Reached XP level 12. HP: 98/112 MP: 15/15
  5402 | Lair:1   | Reached skill level 5 in Earth Magic
  5594 | Lair:1   | Reached skill level 5 in Necromancy
  5670 | Lair:1   | Glimpsed the power of Zot.
  5715 | Lair:2   | Found a staircase to the Shoals.
  5725 | Lair:2   | HP: 3/113 [merfolk/+0 trident (22)]
  5728 | Lair:2   | Slain by a merfolk

Illustrated notes

Levels and vault maps discovered:
D:1:      lemuel_arrival_behind_the_door_small, layout_basic,
          shapermc_ecumenical_altar_rom_forum
D:2:      layout_basic
D:3:      layout_loops_ring, overflow_temple_1_default,
          nicolae_overflow_ecumenical_swirl, uniq_sigmund
D:4:      layout_basic, lemuel_tele_altar
D:5:      layout_loops_cross, evilmike_ruin_ashenzari, temple_statues,
          minivault_26, mrwooster_statue_mirror
D:6:      wad_pebble_path, layout_cave_pools, gammafunk_temple_overflow_arena,
          nicolae_stop_n_shop_1, nicolae_kite_square_tiling_tiny, uniq_menkaure
D:7:      minmay_skewed_foursquare, layout_layer_cave, enter_ossuary_5,
          serial_shops, shop, nicolae_eternal_life, kennysheep_cross_bottleneck
D:8:      nzn_winding_woodlands_stair_cross [nzn_winding_woodlands_5x15_garden,
          nzn_winding_woodlands_center_diamonds,
          nzn_winding_woodlands_5x15_jagged,
          nzn_winding_woodlands_5x5_checkerboard,
          nzn_winding_woodlands_hourglass,
          nzn_winding_woodlands_5x15_sidewinder,
          nzn_winding_woodlands_center_garden,
          nzn_winding_woodlands_5x15_crooked], layout_cave_pools, enter_bailey_4
D:9:      layout_long_grid, due_lair_maze_entry_diamond, david_orc_3,
          uniq_maurice
Lair:1:   layout_long_grid, serial_bayou_pond_c, wad_woods_road_03,
          dreamdust_mushroom_princess, pdpol_lair_cavern_descent,
          lemuel_fruit_tree
Lair:2:   layout_cave_shapes, elwin_shoals_entry_stream, serial_bayou,
          serial_bayou_shore_b, serial_bayou_pond_e, serial_bayou_ford_a,
          serial_bayou_pond_e, grunt_forest_stairs_clearing

Skill      XL: |  1  2  3  4  5  6  7  8  9 10 11 12 |
---------------+-------------------------------------+-----
Maces & Flails | 5 6 7 8 9 10 12 14 | 14.0
Fighting       | 4 5 6 9 10 12 | 12.7
Summonings     | 2 |  2.0
Armour         | 4 6 8 |  8.4
Transmutations | 3 4 |  4.0
Evocations     | 5 |  5.0
Necromancy     | 1 6 |  6.0
Earth Magic    | 1 6 |  6.0
Spellcasting   | |  1.3
Fire Magic     | |  3.6

Action                   |  1- 3 |  4- 6 |  7- 9 | 10-12 || total
-------------------------+-------+-------+-------+-------++-------
Melee: Mace              |   108 |    72 |    92 |       ||   272
       Punch             |     1 |     1 |       |     1 ||     3
       Flail             |       |       |   162 |   342 ||   504
 Cast: Call Imp          |       |     7 |    10 |     4 ||    21
       Scorch            |       |     2 |     3 |     5 ||    10
       Wereblood         |       |       |       |     1 ||     1
Evoke: Wand              |       |       |     6 |    12 ||    18
  Use: Potion            |       |     2 |       |     3 ||     5
       Scroll            |       |     6 |     5 |     8 ||    19
 Stab: Distracted        |       |     1 |       |     1 ||     2
       Sleeping          |       |       |       |     1 ||     1
Armor: Robe              |    52 |    19 |    15 |       ||    86
       Leather armour    |       |       |    73 |   135 ||   208
Dodge: Dodged            |    76 |    53 |   137 |   196 ||   462

Table legend: (Time is in decaauts)
 A = Elapsed time spent in this place.
 B = Non-inter-level travel time spent in this place.
 C = Inter-level travel time spent in this place.
 D = Time resting spent in this place.
 E = Time spent auto-exploring this place.
 F = Levels seen in this place.
 G = Mean time per level.
                   A        B        C        D        E       F      G
               +--------+--------+--------+--------+--------+-----+--------+
         Total |   5804 |   5534 |    270 |      0 |     35 |  13 |  446.5 |
       Dungeon |   4861 |   4609 |    252 |      0 |     35 |   9 |  540.1 |
          Lair |    557 |    539 |     18 |      0 |      0 |   2 |  278.5 |
       Ossuary |    150 |    150 |      0 |      0 |      0 |   1 |  150.0 |
        Bailey |    234 |    234 |      0 |      0 |      0 |   1 |  234.0 |
               +--------+--------+--------+--------+--------+-----+--------+

Top non-repeatable levels by time:
     D:7: 797 daAuts
     D:3: 603 daAuts
     D:9: 588 daAuts
     D:4: 557 daAuts
     D:5: 552 daAuts
  Lair:1: 522 daAuts
     D:1: 513 daAuts
     D:2: 480 daAuts
     D:8: 463 daAuts
     D:6: 304 daAuts
  Bailey: 234 daAuts
 Ossuary: 150 daAuts
  Lair:2: 34 daAuts
